 Dungeon Crawl Stone Soup version 0.30.1 (webtiles) character file.

Game seed: 744495422133773684

88 safid the Chiller (level 4, 0/34 HPs)
             Began as a Merfolk Ice Elementalist on July 5, 2023.
             Succumbed to Ijyb's poison
             ... while paralysed by Ijyb
             ... on level 3 of the Dungeon.
             The game lasted 00:03:38 (2230 turns).

safid the Chiller (Merfolk Ice Elementalist)        Turns: 2230, Time: 00:03:38

Health: 0/34       AC: 12    Str:  8    XL:     4   Next: 54%
Magic:  0/8        EV:  2    Int: 16    God:
Gold:   28         SH:  0    Dex: 14    Spells: 1/8 levels left

rFire   + . .        m - +1 whip (elec)
rCold   . . .        (no shield)
rNeg    . . .        q - +2 robe {rF+}
rPois   .            (no helmet)
rElec   .            d - +0 cloak
rCorr   +            p - +0 pair of gloves
SInv    .            (no boots)
Will    .....        (no amulet)
Stlth   ++           f - ring of resist corrosion
HPRegen 0.25/turn    (no ring)
MPRegen 0.11/turn

%: no passive effects
@: paralysed, lethally poisoned (0 -> -15), ice-armoured
A: (nimble swimmer 2), mertail
a: no special abilities


You were on level 3 of the Dungeon.
You visited 1 branch of the dungeon, and saw 3 of its levels.

You collected 28 gold pieces.

Inventory:

Hand Weapons
 m - a +1 whip of electrocution (weapon)
Armour
 d - a +0 cloak (worn)
 p - a +0 pair of gloves (worn)
 q - a +2 robe of fire resistance (worn)
Jewellery
 f - a ring of resist corrosion (left hand)
Wands
 k - a wand of iceblast (3)
Scrolls
 c - 3 scrolls of identify {unknown}
 h - 4 scrolls of enchant weapon {unknown}
 i - 3 scrolls of fog {unknown}
 l - a scroll of acquirement {unknown}
 n - a scroll of poison {unknown}
 o - a scroll of torment {unknown}
Potions
 a - a potion of attraction {unknown}
 b - 2 potions of magic
 e - a potion of resistance {unknown}
 g - 2 potions of berserk rage {unknown}
 j - 3 potions of curing {unknown}


   Skills:
 + Level 2.3 Fighting
 - Level 2.6 Dodging
 - Level 2.1 Stealth
 + Level 2.9 Spellcasting
 + Level 5.1 Ice Magic


You had one spell level left.
You knew the following spells:

 Your Spells              Type           Power      Damage    Failure   Level
a - Freeze                Ice            72%        1d8       2%          1
b - Frozen Ramparts       Ice            36%        1d6       7%          3
c - Ozocubu's Armour      Ice            18%        N/A       7%          3

Your spell library contained the following spells:

 Spells                   Type           Power      Damage    Failure   Level
 Summon Ice Beast         Ice/Summ       10%        N/A       54%         4


Dungeon Overview and Level Annotations

Branches:
Dungeon (3/15)

Altars:
Cheibriados

Annotations:
D:3 Ijyb


Innate Abilities, Weirdness & Mutations

((You are very nimble when in or above water. (Stealth+, EV+, Speed+++)))
Your lower body shifts to a powerful aquatic tail in water.


Message History

You kill the orc!
The wall freezes Ijyb.
Unknown command.
Okay, then.
Casting: Ozocubu's Armour (dangerous; 7% risk of failure)
Confirm with . or Enter, or press ? or * to list all spells.
Aiming: Freeze (safe; 2% risk of failure)
Press: ? - help, Shift-Dir - straight line, f - Ijyb
Aim: Ijyb, wielding a +2 dagger of venom, wearing a +0 ring mail and carrying a wand of paralysis (13) (moderately wounded)
You freeze Ijyb.
Ijyb is moderately wounded.
The wall freezes Ijyb but does no damage.
Ijyb hits you with a +2 dagger of venom.
* * * LOW HITPOINT WARNING * * *
The wall freezes the orc priest.
Casting: Freeze (safe; 2% risk of failure)
Confirm with . or Enter, or press ? or * to list all spells.
Aiming: Freeze (safe; 2% risk of failure)
Press: ? - help, Shift-Dir - straight line, f/p - Ijyb
Aim: Ijyb, wielding a +2 dagger of venom, wearing a +0 ring mail and carrying a wand of paralysis (13) (moderately wounded)
You freeze Ijyb.
Ijyb is heavily wounded.
The wall freezes the orc.
The wall freezes Ijyb but does no damage.
Ijyb zaps a wand.
You suddenly lose the ability to move!
The wall freezes the orc priest.
The wall freezes the orc.
The wall freezes Ijyb.
Ijyb zaps a wand.
You resist with some effort.
The wall freezes Ijyb but does no damage.
Ijyb hits you but does no damage.
You are lethally poisoned!
The orc priest looks satisfied for a moment.
The wall freezes the orc.
You kill the orc!
The frozen ramparts melt away.
* * * LOW HITPOINT WARNING * * *
You feel very sick. Ijyb hits you but does no damage.
You are more poisoned.
You die...

#......# #......# #.))...#
#.#.##### #.#.#...
#.#.#.######.
#.#.......... #######
#.###.############o....###
................@go.....>#
#.###.#######.####.....#.
#.# #.#.......# #.....#
#.###.#.##########.....#
.......................#
........#.############...
........#.# ##.#
..........# .
......)###############


You could see Ijyb, an orc priest and an orc.

Vanquished Creatures
  2 adders
  A dart slug (D:2)
  5 orcs (D:3)
  6 endoplasms
  4 giant cockroaches
  4 goblins
  3 hobgoblins
  4 jackals
  3 quokkas
  5 ball pythons
  5 bats
  5 frilled lizards
  8 kobolds
  2 rats
57 creatures vanquished.

Notes
Turn   | Place    | Note
-------+----------+-------------------------------------------
     0 | D:1      | safid the Merfolk Ice Elementalist began the quest for the
                  | Orb.
     0 | D:1      | Reached XP level 1. HP: 13/13 MP: 3/3
   164 | D:1      | Reached XP level 2. HP: 17/20 MP: 1/5
   221 | D:1      | Reached skill level 1 in Fighting
   594 | D:1      | Reached XP level 3. HP: 25/26 MP: 6/6
   598 | D:1      | Learned a level 3 spell: Frozen Ramparts
  1566 | D:2      | Reached skill level 5 in Ice Magic
  1566 | D:2      | Reached XP level 4. HP: 17/33 MP: 4/8
  1827 | D:2      | Learned a level 3 spell: Ozocubu's Armour
  1875 | D:3      | Found a snail-covered altar of Cheibriados.
  2217 | D:3      | Noticed Ijyb
  2226 | D:3      | Paralysed by Ijyb for 5 turns
  2230 | D:3      | Succumbed to Ijyb's poison

Illustrated notes

Levels and vault maps discovered:
D:1:      eino_arrival_water_star, layout_loops_ring,
          dreamdust_princess_corridor
D:2:      layout_loops_ring, serial_glass, glass_columns_a, glass_columns_a,
          glass_columns_a, glass_columns_a, glass_columns_a
D:3:      layout_basic, cheibriados_altar_1, uniq_ijyb

Skill      XL: |  1  2  3 |
---------------+----------+-----
Fighting       | 1 2 |  2.3
Ice Magic      | 5 |  5.1
Dodging        | |  2.6
Stealth        | |  2.1
Spellcasting   | |  2.9

Action                     |  1- 3 |  4- 6 || total
---------------------------+-------+-------++-------
  Melee: Short sword       |    41 |       ||    41
         Whip              |    27 |    29 ||    56
         Punch             |       |     1 ||     1
   Cast: Freeze            |    33 |    11 ||    44
         Ozocubu's Armour  |       |     1 ||     1
         Frozen Ramparts   |       |     1 ||     1
   Stab: Sleeping          |     5 |       ||     5
 Armour: Robe              |    18 |    25 ||    43
  Dodge: Dodged            |    68 |    20 ||    88
